 Dungeon Crawl Stone Soup version 0.22-a0-553-g9358b0b (webtiles) character file.

37 inc the Magician (level 3, -6/24 HPs)
             Began as a Mummy Fire Elementalist on June 25, 2018.
             Mangled by Sigmund
             ... wielding a +0 scythe
              (11 damage)
             ... on level 2 of the Dungeon.
             The game lasted 00:01:42 (1463 turns).

inc the Magician (Mummy Fire Elementalist)          Turns: 1463, Time: 00:01:43

Health: -6/24      AC:  2    Str: 11    XL:     3   Next: 21%
Magic:  5/7        EV: 12    Int: 15    God:
Gold:   59         SH:  0    Dex: 12    Spells: 6/7 levels left

rFire    x . .     SeeInvis .   e - +0 whip
rCold    + . .     Gourm    .   (no shield)
rNeg     + + +     Faith    .   a - +0 robe
rPois    ∞         Spirit   .   (no helmet)
rElec    .         Reflect  .   (no cloak)
rCorr    .         Harm     .   (no gloves)
MR       .....                  (no boots)
Stlth    ++........             (no amulet)
HPRegen  0.08/turn              (no ring)
MPRegen  0.10/turn              (no ring)

@: very slightly contaminated
A: no food or potions, fire vulnerability, cold resistance 1, negative energy
resistance 3, torment resistance, unbreathing
a: no special abilities


You were on level 2 of the Dungeon.
You were not hungry.

You visited 1 branch of the dungeon, and saw 2 of its levels.

You collected 59 gold pieces.

Inventory:

Hand Weapons
 e - a +0 whip (weapon)
Armour
 a - a +0 robe (worn)
Jewellery
 c - a cursed ring of loudness {unknown}
 g - an uncursed amulet of magic regeneration {unknown}
 h - an uncursed ring of positive energy {unknown}
Scrolls
 b - 5 scrolls of identify {unknown}
 f - a scroll of teleportation {unknown}
Potions
 d - a potion of degeneration {unknown}
 i - a potion of agility {unknown}
Comestibles
 j - a ration


   Skills:
 - Level 1.5 Dodging
 - Level 1.5 Stealth
 - Level 2.6 Spellcasting
 + Level 2.6 Conjurations
 - Level 2.4 Fire Magic


You had 6 spell levels left.
You knew the following spells:

 Your Spells              Type           Power        Failure   Level  Hunger
a - Flame Tongue          Conj/Fire      #....        8%          1    N/A

Your spell library contained the following spells:

 Spells                   Type           Power        Failure   Level  Hunger
 Fireball                 Conj/Fire      #.........   90%         5    N/A
 Conjure Flame            Conj/Fire      #.......     22%         3    N/A
 Throw Flame              Conj/Fire      #.....       11%         2    N/A
 Sticky Flame             Conj/Fire      #.......     58%         4    N/A
 Inner Flame              Hex/Fire       #.......     36%         3    N/A

Dungeon Overview and Level Annotations

Branches:
Dungeon (2/15)

Altars:

Annotations:
D:2 Sigmund


Innate Abilities, Weirdness & Mutations

You do not eat or drink.
Your flesh is vulnerable to fire.
You are immune to poison.
Your flesh is cold resistant. (rC+)
You are immune to negative energy. (rN+++)
You are immune to unholy pain and torment.
You can survive without breathing.


Message History

Ouch! That really hurt!
* * * LOW HITPOINT WARNING * * *
Casting: Flame Tongue (safe; 8% risk of failure)
Confirm with . or Enter, or press ? or * to list all spells.
Aiming: Flame Tongue (safe; 8% risk of failure)
Press: ? - help, Shift-Dir - straight line, f - Sigmund
Aim: Sigmund, wielding a scythe and wearing a robe The flame tongue hits Sigmund.
Sigmund is lightly wounded.
Sigmund casts a spell at you. You resist with some effort.
Casting: Flame Tongue (safe; 8% risk of failure)
Confirm with . or Enter, or press ? or * to list all spells.
Aiming: Flame Tongue (safe; 8% risk of failure)
Press: ? - help, Shift-Dir - straight line, f/p - Sigmund
Aim: Sigmund, wielding a scythe and wearing a robe (lightly wounded)
You miscast Flame Tongue.
You are very lightly contaminated with residual magic.
Your bandages stand on end.
Sigmund hits you with a scythe!
You die...

###.# ...# #..#
#..# #..#
#####..######.
#.............
#.###..######..
#@.........
#@.######..#
#..# #..
########..# #.#
..@.......# #.#
#########.# #.#
#.# #.#
#.#######.##
#..........#


You could see Sigmund.

Vanquished Creatures
  An adder (D:2)
  A worm (D:2)
  A leopard gecko (D:1)
  3 bats
  2 goblins (D:1)
  3 hobgoblins (D:1)
  4 jackals (D:1)
  2 kobolds (D:1)
  A frilled lizard (D:1)
  5 rats
23 creatures vanquished.

Notes
Turn   | Place    | Note
-------+----------+-------------------------------------------
     0 | D:1      | inc the Mummy Fire Elementalist began the quest for the Orb.
     0 | D:1      | Reached XP level 1. HP: 13/13 MP: 4/4
    79 | D:1      | Reached skill level 1 in Conjurations
   295 | D:1      | Reached XP level 2. HP: 12/19 MP: 0/5
  1287 | D:2      | Reached XP level 3. HP: 20/24 MP: 1/7
  1446 | D:2      | Noticed Sigmund
  1463 | D:2      | Mangled by Sigmund

Vault maps used:
D:1:      dpeg_arrival_water_fire, minivault_27, minmay_door_square,
          minmay_misc_feat_plants
D:2:      chequers_ecumenical_altar_grove, serial_glass, glass_columns_a,
          glass_columns_b, uniq_sigmund, uniq_jessica

Skill      XL: |  1  2 |
---------------+-------+-----
Conjurations   | 1 2 |  2.6
Dodging        | |  1.5
Stealth        | |  1.5
Spellcasting   | |  2.6
Fire Magic     | |  2.4

Action                   || total
-------------------------++-------
Melee: Whip              ||    17
 Cast: Flame Tongue      ||    31
Armor: Robe              ||     5
Dodge: Dodged            ||    31

Table legend:
 A = Spawn XP
 B = Non-spawn XP
 C = Spawn XP percentage of total XP
 D = Spawn monster count
 E = Non-spawn monster count
 F = Spawn count percentage of total count
 G = Total turns spent on level
                    A         B        C        D         E        F      G
               +---------+---------+-------+---------+---------+-------+---------
         Total |       0 |      53 |   0.0 |       0 |      23 |   0.0 |  1463
               +---------+---------+-------+---------+---------+-------+---------
           D:1 |       0 |      32 |   0.0 |       0 |      19 |   0.0 |  1278
           D:2 |       0 |      21 |   0.0 |       0 |       4 |   0.0 |   185
               +---------+---------+-------+---------+---------+-------+---------
